Map: Habitation Station LE (Void)

Players

Gorthauer - Winner!

  • Race: Protoss Protoss
  • League: Gold
  • Spawn Location: 11:00

Zerg

  • Race: Protoss Protoss
  • Spawn Location: 1:00

VOD

Have the link to the VOD?

Description

Time

  • Played on: Jan. 15, 2017, 4:31 a.m.
  • Length: 11:03
Show
View Real Time Build Order
Export as new Build Order

Gorthauer Protoss - Winner!

Build Orders:  

Get SALT Encoding   

  12  0:01  Probe (Chrono Boost)  
  13  0:11  Probe (Chrono Boost)  
  14  0:17  Pylon  
  14  0:22  Probe (Chrono Boost)  
  15  0:36  Probe (Chrono Boost)  
  15  0:37  Gateway  
  16  0:46  Probe (Chrono Boost)  
  17  0:51  Assimilator  
  18  0:57  Probe (Chrono Boost)  
  18  1:07  Probe (Chrono Boost)  
  19  1:14  Pylon  
  19  1:19  Probe (Chrono Boost)  
  20  1:28  Pylon  
  20  1:31  Pylon  
  20  1:36  Probe (Chrono Boost)  
  21  1:45  Cybernetics Core  
  22  1:47  Probe (Chrono Boost)  
  22  1:49  Pylon  
  22  1:50  Pylon  
  22  1:57  Probe (Chrono Boost)  
  23  2:02  Assimilator  
  23  2:05  Pylon  
  23  2:06  Warp Gate  
  23  2:13  Nexus  
  23  2:24  Probe (Chrono Boost), Stalker  
  28  2:38  Mothership Core (Chrono Boost)  
  28  2:42  Pylon  
  28  2:54  Stalker  
  28  2:58  Probe (Chrono Boost)  
  31  3:07  Gateway x2  
  31  3:10  Probe (Chrono Boost)  
  32  3:22  Probe (Chrono Boost)  
  33  3:31  Probe (Chrono Boost)  
  35  3:34  Probe (Chrono Boost)  
  35  3:42  Probe (Chrono Boost)  
  35  3:46  Probe (Chrono Boost)  
  37  3:52  Probe (Chrono Boost)  
  39  4:03  Probe (Chrono Boost)  
  39  4:04  Probe (Chrono Boost)  
  38  4:13  Probe (Chrono Boost)  
  38  4:14  Probe (Chrono Boost)  
  38  4:23  Stalker x3  
  45  4:24  Probe (Chrono Boost)  
  45  4:25  Probe (Chrono Boost)  
  45  4:29  Pylon  
  46  4:33  Pylon  
  46  4:35  Mothership Core (Chrono Boost)  
  46  4:37  Probe (Chrono Boost)  
  49  4:39  Assimilator, Robotics Facility  
  49  4:42  Pylon  
  49  4:44  Assimilator, Forge  
  49  4:46  Twilight Council  
  49  4:47  Pylon  
  49  4:48  Probe (Chrono Boost)  
  50  4:53  Probe (Chrono Boost)  
  50  4:58  Probe (Chrono Boost)  
  52  5:11  Probe (Chrono Boost)  
  53  5:17  Pylon  
  45  5:21  Photon Cannon  
  45  5:23  Photon Cannon  
  45  5:26  Photon Cannon  
  32  5:36  Photon Cannon  
  32  5:40  Photon Cannon  
  32  5:41  Pylon  
  28  5:53  Zealot  
  29  5:59  Probe (Chrono Boost)  
  29  6:06  Photon Cannon  
  22  6:25  Probe x2 (Chrono Boost)  
  24  6:27  Cybernetics Core  
  24  6:35  Probe (Chrono Boost)  
  24  6:36  Probe (Chrono Boost)  
  26  6:54  Gateway  
  26  6:55  Gateway  
  26  6:56  Pylon  
  26  7:05  Sentry  
  26  7:06  Sentry  
  30  7:17  Robotics Facility  
  30  7:30  Stalker x2  
  30  7:36  Probe (Chrono Boost)  
  35  7:46  Probe (Chrono Boost)  
  35  7:48  Dark Shrine  
  36  7:51  Pylon  
  36  7:57  Probe (Chrono Boost)  
  37  8:02  Observer  
  38  8:11  Stalker x2  
  42  8:20  Stalker  
  44  8:30  Warp Prism  
  46  8:51  Stalker  
  46  8:53  Stalker  
  50  9:05  Dark Templar  
  50  9:30  Pylon  
  50  9:32  Dark Templar x2  
  50  9:36  Probe (Chrono Boost)  
  55  10:05  Dark Templar  
  55  10:06  Dark Templar  
Show
View Real Time Build Order
Export as new Build Order

Zerg Protoss 

Build Orders: Dark Templar Rush 

Get SALT Encoding   

  12  0:01  Probe (Chrono Boost)  
  13  0:12  Probe (Chrono Boost)  
  14  0:22  Pylon  
  14  0:25  Probe (Chrono Boost)  
  15  0:40  Probe (Chrono Boost)  
  15  0:41  Gateway  
  16  0:49  Assimilator  
  16  0:51  Probe (Chrono Boost)  
  16  0:54  Assimilator  
  17  1:01  Probe (Chrono Boost)  
  18  1:12  Probe (Chrono Boost)  
  19  1:23  Probe (Chrono Boost)  
  20  1:33  Probe (Chrono Boost)  
  21  1:43  Zealot  
  21  1:45  Cybernetics Core  
  23  2:03  Pylon  
  23  2:11  Pylon, Warp Gate  
  24  2:23  Probe (Chrono Boost)  
  24  2:28  Gateway  
  24  2:35  Probe (Chrono Boost)  
  25  2:47  Probe (Chrono Boost)  
  25  2:50  Twilight Council  
  26  2:57  Gateway  
  26  3:10  Gateway  
  26  3:27  Dark Shrine  
  26  3:31  Stalker  
  29  3:48  Mothership Core (Chrono Boost)  
  29  3:53  Stalker  
  28  4:35  Pylon  
  28  4:39  Dark Templar x4  
  36  4:49  Probe (Chrono Boost)  
  38  5:01  Probe (Chrono Boost)  
  36  5:12  Dark Templar x2  
  31  6:07  Dark Templar x2  
  33  6:29  Dark Templar  
  36  6:54  Probe (Chrono Boost)  
  36  7:04  Nexus  
  36  7:05  Pylon  
  36  7:06  Probe (Chrono Boost)  
  36  7:08  Pylon  
  37  7:24  Stalker x3  
  37  7:29  Probe (Chrono Boost)  
  44  7:34  Stalker  
  46  7:49  Probe (Chrono Boost), Stalker  
  49  7:59  Stalker  
  49  8:04  Archon  
  49  8:05  Archon  
  51  8:06  Archon  
  51  8:08  Stalker  
  54  8:14  Probe (Chrono Boost)  
  54  8:16  Probe (Chrono Boost)  
  55  8:26  Probe x2 (Chrono Boost)  
  57  8:32  Stalker  
  59  8:38  Probe (Chrono Boost)  
  56  9:21  Robotics Facility  
  54  9:26  Forge  
  54  9:32  Stalker x2  
  54  9:33  Stalker  
  54  9:34  Stalker  
  55  9:52  Probe (Chrono Boost)  
  49  10:00  Photon Cannon  
  49  10:01  Photon Cannon  
  49  10:03  Gateway  
  49  10:04  Gateway  
Tags
 
Add a new tag
Caveats
  • Supply blocks, unpowered buildings, or Contaminate may cause inaccurate times.
  • Supply counts are checked every 10 seconds.